Penguins vs Wolfpack (R1)

Created - January 16, 2024 at 19:35

Goals
1 2 3 T
Penguins 0 3 1 4
Wolfpack 3 0 2 5
Shots
1 2 3 T
Penguins 4 14 11 29
Wolfpack 15 8 20 43

1st period

1. Wolfpack , Owen Tippet 6 (Derrick Pouliot 10, Dryden Hunt 10) at 12:54
2. Wolfpack , Owen Tippet 7 (Dryden Hunt 11, Derrick Pouliot 11) at 18:15
3. Wolfpack , David Pope 18 (Steven Santini 32, Casey Mittelstadt 22) at 18:21

Penalties :
Cale Fleury (Har) for Holding (Minor) at 8:33

2nd period

4. Penguins , Max Gortz 11 (Gavin Bayreuther 42, Adam Brooks 18) at 0:35
5. Penguins , Philipp Kurashev 11 (Gavin Bayreuther 43, Brett Kulak 12) at 16:14
6. Penguins , Eetu Luostarinen 12 (Adam Brooks 19, Max Gortz 9) at 18:11

Penalties :
Casey Mittelstadt (Har) for Unsportsmanlike conduct (Minor) at 1:11, Dakota Mermis (Wil) for Holding (Minor) at 5:42, Dakota Mermis (Wil) for Interference (Minor) at 10:41, David Pope (Har) for Holding Stick (Minor) at 18:14

3rd period

7. Penguins , Philipp Kurashev 12 (Gavin Bayreuther 44, Pierre-Luc Dubois 6) at 8:10 (PP)
8. Wolfpack , David Pope 19 (Stefan Noesen 4, Casey Mittelstadt 23) at 8:14
9. Wolfpack , Samuel Blais 24 (Nolan Patrick 18, Steven Santini 33) at 10:50

Penalties :
Steven Santini (Har) for Hooking (Minor) at 7:39, Adam Brooks (Wil) for Elbowing (Minor) at 12:18, Ryan Culkin (Har) for Hooking (Minor) at 16:12

Goalie Stats

Jeremy Swayman (Wil), 38 saves from 43 shots - (0.884), L, 12-10-1, 60:00 minutes
Eric Comrie (Har), 25 saves from 29 shots - (0.862), W, 11-6-1, 60:00 minutes

Players Stats for Penguins

Player Name              G  A  P  +/- PIM S  H  SB GA TA FO     MP     PP MP  PK MP  
------------------------------------------------------------------------------------
Adam Brooks              0  2  2   2  2   1  0  0  0  0  11/17  13:43   0:00   2:11 
Brett Kulak              0  1  1  -2  0   3  1  1  1  4  0/0    28:30   5:15   3:44 
Dakota Mermis            0  0  0  -1  4   0  2  3  0  0  0/0    17:50   3:12   0:49 
Eetu Luostarinen         1  0  1   2  0   1  1  0  0  0  0/1    17:28   3:42   2:26 
Gavin Bayreuther         0  3  3  -2  0   4  0  2  1  2  0/0    28:30   5:15   3:44 
Iven Barbashev           0  0  0  -2  0   5  2  0  0  0  0/2    23:44   4:45   3:03 
Jeff Malott              0  0  0  -1  0   0  1  0  0  0  0/0    11:15   0:00   0:19 
Jesper Boqvist           0  0  0  -1  0   0  0  1  0  0  0/0     7:24   0:00   0:00 
John Marino              0  0  0  -1  0   1  4  1  2  0  0/0    20:25   3:12   2:13 
Mathew Barzal            0  0  0  -2  0   4  2  1  0  0  3/3    20:41   4:45   0:00 
Matthew Finn             0  0  0   1  0   0  2  3  0  1  0/0    13:35   0:00   1:18 
Max Gortz                1  1  2   2  0   3  0  2  0  0  1/1    16:51   3:42   1:44 
Noah Dobson              0  0  0   1  0   0  1  0  0  0  0/0    11:29   0:00   0:06 
Philipp Kurashev         2  0  2  -1  0   2  2  1  0  0  3/5    15:49   3:42   1:50 
Pierre-Luc Dubois        0  1  1  -2  0   1  1  1  0  0  10/32  20:32   4:36   0:00 
Ryan MacInnis            0  0  0  -1  0   2  0  0  0  0  2/4     8:08   0:00   0:21 
Sam Kurker               0  0  0  -1  0   1  2  0  0  0  0/0    10:42   0:09   0:00 
Sampo Ranta              0  0  0  -1  0   1  0  0  0  0  0/0     7:24   0:00   0:00 

Players Stats for Wolfpack

Player Name              G  A  P  +/- PIM S  H  SB GA TA FO     MP     PP MP  PK MP  
------------------------------------------------------------------------------------
Alex Barre-Boulet        0  0  0  -1  0   0  2  0  1  1  4/6    10:39   0:00   0:00 
Alexander Barabanov      0  0  0  -1  0   2  0  0  0  0  0/0    12:23   0:00   0:27 
Cale Fleury              0  0  0  -1  2   0  1  0  0  0  0/0    11:51   0:00   1:12 
Casey Mittelstadt        0  2  2   2  2   4  4  0  0  0  12/28  18:56   3:12   0:00 
Colton White             0  0  0  -1  0   4  1  1  0  0  0/0    20:36   2:11   2:49 
Connor Chatam            0  0  0  -1  0   4  1  1  1  0  0/0    12:01   0:00   0:00 
David Pope               2  0  2   2  2   2  1  1  1  1  1/1    21:21   3:12   3:34 
Derrick Pouliot          0  2  2   4  0   0  1  3  1  0  0/0    27:43   3:46   5:31 
Dryden Hunt              0  2  2   2  0   3  2  2  0  0  0/1     9:18   0:00   2:34 
Jake Marchment           0  0  0   2  0   3  1  0  0  0  3/5     6:25   0:00   0:00 
K'Andre Miller           0  0  0  -1  0   1  1  1  0  0  0/0    12:29   0:00   0:43 
Nolan Patrick            0  1  1  -1  0   2  2  1  0  0  5/11   16:11   2:45   0:47 
Owen Tippet              2  0  2   2  0   2  0  0  0  0  0/0     6:25   0:00   0:00 
Ryan Culkin              0  0  0  -1  2   2  1  2  0  1  0/0    19:44   2:11   1:39 
Samuel Blais             1  0  1  -1  0   4  1  0  0  0  2/2    18:04   2:45   3:01 
Sebastian Collberg       0  0  0  -1  0   2  2  2  1  0  0/0    16:54   2:45   1:38 
Stefan Noesen            0  1  1   2  0   5  2  1  2  1  8/11   22:41   3:12   4:53 
Steven Santini           0  2  2   4  2   3  2  0  0  0  0/0    27:47   3:46   5:00 

3 Stars

1 - Owen Tippet (Har)
2 - Derrick Pouliot (Har)
3 - David Pope (Har)

Power Play

Penguins - 1 on 5 Attempt(s) - 20.00%
Wolfpack - 0 on 3 Attempt(s) - 0.00%

Penalty Kill

Penguins - 3 on 3 Attempt(s) - 100.00% - Score 0 goal in Penalty Kill
Wolfpack - 4 on 5 Attempt(s) - 80.00% - Score 0 goal in Penalty Kill

Team Stat

Penguins - Hits : 21 - Faceoff Wins : 30 - Blocked Shots : 16 - Penalty Minutes : 6
Wolfpack - Hits : 25 - Faceoff Wins : 35 - Blocked Shots : 15 - Penalty Minutes : 10

Official

Referees : Dan Kelly and Trevor Hanson
Linesman : Julien Fournier and Libor Suchanek

Game Notes

12:54 of 1st period - Wolfpack goal is going for a video replay. After video review, Goal.

Finance

Level 1 -- Attendance: 1907 (95.35%) -- Ticket Income $133,490
Level 2 -- Attendance: 886 (88.60%) -- Ticket Income $35,440
Total Attendance: 2793 (93.10%)
Total Ticket Income: $168,930
Other Income: $8,446
Total Income: $177,376

Penguins

5 vs 5 Forward 
   Center                   Left Wing                Right Wing               Time % Phy DF OF 
 1 Pierre-Luc Dubois        Iven Barbashev           Mathew Barzal            40     1   2  2  
 2 Adam Brooks              Eetu Luostarinen         Max Gortz                30     1   2  2  
 3 Philipp Kurashev         Jeff Malott              Sam Kurker               20     1   2  2  
 4 Ryan MacInnis            Sampo Ranta              Jesper Boqvist           10     1   2  2  

5 vs 5 Defense 
   Defense                  Defense                                           Time % Phy DF OF 
 1 Brett Kulak              Gavin Bayreuther                                  40     1   2  2  
 2 Dakota Mermis            John Marino                                       30     1   2  2  
 3 Matthew Finn             Noah Dobson                                       20     1   2  2  
 4 Brett Kulak              Gavin Bayreuther                                  10     1   2  2  

PowerPlay Forward 
   Center                   Left Wing                Right Wing               Time % Phy DF OF 
 1 Pierre-Luc Dubois        Iven Barbashev           Mathew Barzal            60     1   2  2  
 2 Philipp Kurashev         Eetu Luostarinen         Max Gortz                40     1   2  2  

PowerPlay Defense
   Defense                  Defense                                           Time % Phy DF OF 
 1 Brett Kulak              Gavin Bayreuther                                  60     1   2  2  
 2 Dakota Mermis            John Marino                                       40     1   2  2  

Penalty Kill 4 Players Forward 
   Center                   Wing                     Time % Phy DF OF 
 1 Adam Brooks              Iven Barbashev           60     1   2  2  
 2 Philipp Kurashev         Eetu Luostarinen         40     1   2  2  

Penalty Kill 4 Players Defense
   Defense                  Defense                  Time % Phy DF OF 
 1 Brett Kulak              Gavin Bayreuther         60     1   2  2  
 2 Dakota Mermis            John Marino              40     1   2  2  

Penalty Kill - 3 Players Forward 
   Forward                                           Time % Phy DF OF 
 1 Adam Brooks                                       60     1   2  2  
 2 Philipp Kurashev                                  40     1   2  2  

Penalty Kill - 3 Players Defense
   Defense                  Defense                  Time % Phy DF OF 
 1 Brett Kulak              Gavin Bayreuther         60     1   2  2  
 2 Dakota Mermis            John Marino              40     1   2  2  

4 vs 4 Forward 
   Center                   Wing                     Time % Phy DF OF 
 1 Pierre-Luc Dubois        Iven Barbashev           60     1   2  2  
 2 Philipp Kurashev         Eetu Luostarinen         40     1   2  2  

4 vs 4 Defense
   Defense                  Defense                  Time % Phy DF OF 
 1 Brett Kulak              Gavin Bayreuther         60     1   2  2  
 2 Dakota Mermis            John Marino              40     1   2  2  

Last Minutes Offensive
   Center                   Left Wing                Right Wing               Defense                  Defense                  
   Pierre-Luc Dubois        Iven Barbashev           Mathew Barzal            Brett Kulak              Gavin Bayreuther         

Last Minutes Defensive
   Center                   Left Wing                Right Wing               Defense                  Defense                  
   Pierre-Luc Dubois        Iven Barbashev           Mathew Barzal            Brett Kulak              Gavin Bayreuther         

Goaltenders
Starting : Jeremy Swayman           
Backup : Ivan Fedotov             

Extra Forwards
Normal : Max Gortz, Sam Kurker, Jeff Malott - PP : Max Gortz, Sam Kurker - PK : Max Gortz
Extra Defensemen
Normal : John Marino, Matthew Finn, Noah Dobson - PP : John Marino - PK : John Marino, Matthew Finn
Penalty Shots
Mathew Barzal, Iven Barbashev, Eetu Luostarinen, Adam Brooks, Max Gortz
Custom OT Lines Forwards
Mathew Barzal, Iven Barbashev, Eetu Luostarinen, Adam Brooks, Pierre-Luc Dubois, Sam Kurker, Jeff Malott, Jesper Boqvist, Philipp Kurashev, Ryan MacInnis
Custom OT Lines Defensemen
Brett Kulak, Gavin Bayreuther, Dakota Mermis, John Marino, Matthew Finn

Scratches
Brett Pollock (Healthy), Denis Malgin (Healthy), Josh Ho-Sang (Healthy), Juuso Ikonen (Healthy), Kevin Stenlund (Healthy)
Austin Strand (Healthy), Steven Spinner (Healthy), Shawn Boudrias (Healthy), Zachary Bouthillier (Healthy)

Wolfpack

5 vs 5 Forward 
   Center                   Left Wing                Right Wing               Time % Phy DF OF 
 1 Casey Mittelstadt        David Pope               Stefan Noesen            40     1   2  2  
 2 Nolan Patrick            Samuel Blais             Sebastian Collberg       30     1   2  2  
 3 Alex Barre-Boulet        Alexander Barabanov      Connor Chatam            20     1   2  2  
 4 Jake Marchment           Dryden Hunt              Owen Tippet              10     1   2  2  

5 vs 5 Defense 
   Defense                  Defense                                           Time % Phy DF OF 
 1 Derrick Pouliot          Steven Santini                                    40     1   2  2  
 2 Ryan Culkin              Colton White                                      30     1   2  2  
 3 K'Andre Miller           Cale Fleury                                       20     1   2  2  
 4 Derrick Pouliot          Steven Santini                                    10     1   2  2  

PowerPlay Forward 
   Center                   Left Wing                Right Wing               Time % Phy DF OF 
 1 Casey Mittelstadt        David Pope               Stefan Noesen            60     1   2  2  
 2 Nolan Patrick            Samuel Blais             Sebastian Collberg       40     1   2  2  

PowerPlay Defense
   Defense                  Defense                                           Time % Phy DF OF 
 1 Derrick Pouliot          Steven Santini                                    60     1   2  2  
 2 Ryan Culkin              Colton White                                      40     1   2  2  

Penalty Kill 4 Players Forward 
   Center                   Wing                     Time % Phy DF OF 
 1 Stefan Noesen            David Pope               60     1   2  2  
 2 Samuel Blais             Sebastian Collberg       40     1   2  2  

Penalty Kill 4 Players Defense
   Defense                  Defense                  Time % Phy DF OF 
 1 Derrick Pouliot          Steven Santini           60     1   2  2  
 2 Ryan Culkin              Colton White             40     1   2  2  

Penalty Kill - 3 Players Forward 
   Forward                                           Time % Phy DF OF 
 1 Stefan Noesen                                     60     1   2  2  
 2 David Pope                                        40     1   2  2  

Penalty Kill - 3 Players Defense
   Defense                  Defense                  Time % Phy DF OF 
 1 Derrick Pouliot          Steven Santini           60     1   2  2  
 2 Ryan Culkin              Colton White             40     1   2  2  

4 vs 4 Forward 
   Center                   Wing                     Time % Phy DF OF 
 1 Stefan Noesen            David Pope               60     1   2  2  
 2 Samuel Blais             Sebastian Collberg       40     1   2  2  

4 vs 4 Defense
   Defense                  Defense                  Time % Phy DF OF 
 1 Derrick Pouliot          Steven Santini           60     1   2  2  
 2 Ryan Culkin              Colton White             40     1   2  2  

Last Minutes Offensive
   Center                   Left Wing                Right Wing               Defense                  Defense                  
   Casey Mittelstadt        David Pope               Stefan Noesen            Derrick Pouliot          Steven Santini           

Last Minutes Defensive
   Center                   Left Wing                Right Wing               Defense                  Defense                  
   Casey Mittelstadt        David Pope               Stefan Noesen            Derrick Pouliot          Steven Santini           

Goaltenders
Starting : Eric Comrie              
Backup : Mike Condon              

Extra Forwards
Normal : Connor Chatam, Alexander Barabanov, Dryden Hunt - PP : Connor Chatam, Alexander Barabanov - PK : Dryden Hunt
Extra Defensemen
Normal : K'Andre Miller, Cale Fleury, Ryan Culkin - PP : K'Andre Miller - PK : Cale Fleury, Ryan Culkin
Penalty Shots
Stefan Noesen, David Pope, Samuel Blais, Sebastian Collberg, Connor Chatam
Custom OT Lines Forwards
Stefan Noesen, David Pope, Samuel Blais, Sebastian Collberg, Connor Chatam, Casey Mittelstadt, Alexander Barabanov, Nolan Patrick, Dryden Hunt, Owen Tippet
Custom OT Lines Defensemen
Derrick Pouliot, Steven Santini, Ryan Culkin, Colton White, K'Andre Miller

Scratches
Ryan Poehling (Healthy), Mason Shaw (Healthy), Samuel Houde (Healthy), Dylan Samberg (Healthy), Joshua Jacobs (Healthy)
Mikhail Vorobyev (Healthy), Will Borgen (Healthy), Andrew Peeke (Healthy), Dante Fabbro (Healthy), Jeffrey Viel (Healthy)
Yegor Korshkov (Healthy), Linus Sandin (Healthy), Alexander Volkov (Healthy), Jack Drury (Healthy), Jakub Lauko (Healthy)
Martin Kaut (Healthy), Mathias Laferriere (Healthy), Samuel Ersson (Healthy), Jake Paterson (Healthy)

% Time on Ice - Penguins

Lines # - Real PCT - Wanted PCT - Time Play
Normal Forward
1 - 34% - 40% - 15:10
2 - 25% - 30% - 11:17
3 - 24% - 20% - 10:33
4 - 17% - 10% - 7:24
Normal Defense
1 - 41% - 40% - 18:14
2 - 31% - 30% - 13:48
3 - 25% - 20% - 11:05
4 - 3% - 10% - 1:17
PP Forward
1 - 56% - 60% - 4:45
2 - 44% - 40% - 3:42
PP Defense
1 - 62% - 60% - 5:15
2 - 38% - 40% - 3:12
PK Forward
1 - 83% - 60% - 4:55
2 - 17% - 40% - 1:02
PK Defense
1 - 63% - 60% - 3:44
2 - 37% - 40% - 2:13
PK3 Forward
1 - 0% - 60%
2 - 0% - 40%
PK3 Defense
1 - 0% - 60%
2 - 0% - 40%
44 Forward
1 - 0% - 60%
2 - 0% - 40%
44 Defense
1 - 0% - 60%
2 - 0% - 40%
Last Minute Offensive  - 1:12
Last Minute Defensive  - 0:00
Total
Forward - 60:00
Defense - 60:00

% Time on Ice - Wolfpack

Lines # - Real PCT - Wanted PCT - Time Play
Normal Forward
1 - 33% - 40% - 14:52
2 - 28% - 30% - 12:31
3 - 24% - 20% - 10:39
4 - 14% - 10% - 6:25
Normal Defense
1 - 39% - 40% - 17:10
2 - 36% - 30% - 15:55
3 - 24% - 20% - 10:32
4 - 2% - 10% - 0:50
PP Forward
1 - 54% - 60% - 3:12
2 - 46% - 40% - 2:45
PP Defense
1 - 63% - 60% - 3:46
2 - 37% - 40% - 2:11
PK Forward
1 - 81% - 60% - 6:49
2 - 19% - 40% - 1:38
PK Defense
1 - 70% - 60% - 5:55
2 - 30% - 40% - 2:32
PK3 Forward
1 - 0% - 60%
2 - 0% - 40%
PK3 Defense
1 - 0% - 60%
2 - 0% - 40%
44 Forward
1 - 0% - 60%
2 - 0% - 40%
44 Defense
1 - 0% - 60%
2 - 0% - 40%
Last Minute Offensive  - 0:00
Last Minute Defensive  - 1:09
Total
Forward - 60:00
Defense - 60:00

Play-by-Play

1st period


0:01 of 1st period - Casey Mittelstadt wins face-off versus Pierre-Luc Dubois in neutral zone.
0:48 of 1st period - Wrist shot by Alexander Barabanov.
0:48 of 1st period - Shot Blocked by Brett Kulak.
0:50 of 1st period - Wrist shot by Alexander Barabanov.
0:50 of 1st period - Deflect By Connor Chatam.
0:50 of 1st period - Shot Misses the Net.
0:50 of 1st period - Puck is out of play.
0:51 of 1st period - Ryan MacInnis wins face-off versus Jake Marchment in Penguins zone.
1:27 of 1st period - Icing by Dakota Mermis.
1:28 of 1st period - Mathew Barzal wins face-off versus Nolan Patrick in Penguins zone.
1:33 of 1st period - Slapshot by Iven Barbashev.
1:33 of 1st period - Stopped by Eric Comrie without a rebound.
1:34 of 1st period - Nolan Patrick wins face-off versus Eetu Luostarinen in Wolfpack zone.
1:41 of 1st period - Slapshot by Samuel Blais.
1:41 of 1st period - Stopped by Jeremy Swayman without a rebound.
1:42 of 1st period - Alex Barre-Boulet wins face-off versus Adam Brooks in Penguins zone.
1:45 of 1st period - Slapshot by Alexander Barabanov.
1:45 of 1st period - Stopped by Jeremy Swayman with a rebound.
2:11 of 1st period - Snap shot by Sam Kurker.
2:11 of 1st period - Stopped by Eric Comrie without a rebound.
2:12 of 1st period - Philipp Kurashev wins face-off versus Nolan Patrick in Wolfpack zone.
2:15 of 1st period - Slapshot by Gavin Bayreuther.
2:15 of 1st period - Stopped by Eric Comrie with a rebound.
2:42 of 1st period - Snap shot by David Pope.
2:42 of 1st period - Shot Blocked by Gavin Bayreuther.
2:44 of 1st period - Backhand shot by Derrick Pouliot.
2:44 of 1st period - Shot Misses the Net.
2:46 of 1st period - Slapshot by Derrick Pouliot.
2:46 of 1st period - Shot Misses the Net.
3:02 of 1st period - Adam Brooks is hit by Alex Barre-Boulet and loses puck.
3:44 of 1st period - Wrist shot by Sebastian Collberg.
3:44 of 1st period - Shot Misses the Net.
3:46 of 1st period - Wrist shot by Cale Fleury.
3:46 of 1st period - Shot Hit the Post.
4:31 of 1st period - Steven Santini is hit by Eetu Luostarinen and loses puck.
4:48 of 1st period - Wrist shot by Dryden Hunt.
4:48 of 1st period - Stopped by Jeremy Swayman without a rebound.
4:49 of 1st period - Casey Mittelstadt wins face-off versus Pierre-Luc Dubois in Penguins zone.
4:56 of 1st period - Wrist shot by Stefan Noesen.
4:56 of 1st period - Stopped by Jeremy Swayman with a rebound.
5:43 of 1st period - Connor Chatam is hit by Brett Kulak and loses puck.
6:25 of 1st period - Casey Mittelstadt is hit by John Marino and loses puck.
6:58 of 1st period - Wrist shot by Connor Chatam.
6:58 of 1st period - Stopped by Jeremy Swayman with a rebound.
7:00 of 1st period - Slapshot by Ryan Culkin.
7:00 of 1st period - Stopped by Jeremy Swayman with a rebound.
7:02 of 1st period - Slapshot by Colton White.
7:02 of 1st period - Stopped by Jeremy Swayman with a rebound.
7:04 of 1st period - Slapshot by Ryan Culkin.
7:04 of 1st period - Shot Misses the Net.
7:06 of 1st period - Snap shot by Colton White.
7:06 of 1st period - Stopped by Jeremy Swayman with a rebound.
7:18 of 1st period - Steven Santini is hit by Mathew Barzal and loses puck.
7:41 of 1st period - Backhand shot by Adam Brooks.
7:41 of 1st period - Stopped by Eric Comrie without a rebound.
7:42 of 1st period - David Pope wins face-off versus Adam Brooks in Wolfpack zone.
8:27 of 1st period - Connor Chatam is hit by John Marino and loses puck.
8:33 of 1st period - Minor Penalty to Cale Fleury for Holding.
8:34 of 1st period - Pierre-Luc Dubois wins face-off versus Stefan Noesen in Wolfpack zone.
8:34 of 1st period - Snap shot by Mathew Barzal.
8:34 of 1st period - Shot Blocked by David Pope.
9:06 of 1st period - Stefan Noesen is hit by Dakota Mermis and loses puck.
10:33 of 1st period - Penalty to Cale Fleury is over, Cale Fleury is back on ice.
11:11 of 1st period - K'Andre Miller is hit by Sam Kurker and loses puck.
11:33 of 1st period - Icing by Pierre-Luc Dubois.
11:34 of 1st period - Jake Marchment wins face-off versus Pierre-Luc Dubois in Penguins zone.
11:53 of 1st period - Pierre-Luc Dubois is hit by Alex Barre-Boulet and loses puck.
12:06 of 1st period - Snap shot by Stefan Noesen.
12:06 of 1st period - Shot Blocked by Matthew Finn.
12:54 of 1st period - Wrist shot by Owen Tippet.
12:54 of 1st period - Wolfpack goal is going for a video replay.
12:54 of 1st period - The goal is good.
12:54 of 1st period - Goal by Owen Tippet - Penguins : 0 - Wolfpack : 1.
12:55 of 1st period - Casey Mittelstadt wins face-off versus Pierre-Luc Dubois in neutral zone.
13:47 of 1st period - John Marino is hit by Dryden Hunt and loses puck.
15:09 of 1st period - Snap shot by Stefan Noesen.
15:09 of 1st period - Shot Misses the Net.
15:15 of 1st period - Iven Barbashev is hit by Stefan Noesen and loses puck.
15:35 of 1st period - Derrick Pouliot is hit by Matthew Finn and loses puck.
15:46 of 1st period - Wrist shot by Stefan Noesen.
15:46 of 1st period - Stopped by Jeremy Swayman without a rebound.
15:47 of 1st period - Adam Brooks wins face-off versus Nolan Patrick in Penguins zone.
15:47 of 1st period - Adam Brooks is hit by Nolan Patrick.
16:04 of 1st period - Off-side.
16:05 of 1st period - Alex Barre-Boulet wins face-off versus Pierre-Luc Dubois in neutral zone.
16:58 of 1st period - Snap shot by Sam Kurker.
16:58 of 1st period - Shot Misses the Net.
17:23 of 1st period - Mathew Barzal is hit by Casey Mittelstadt.
18:15 of 1st period - Snap shot by Owen Tippet.
18:15 of 1st period - Deflect By John Marino.
18:15 of 1st period - Goal by Owen Tippet - Penguins : 0 - Wolfpack : 2.
18:16 of 1st period - Casey Mittelstadt wins face-off versus Pierre-Luc Dubois in neutral zone.
18:21 of 1st period - Slapshot by David Pope.
18:21 of 1st period - Goal by David Pope - Penguins : 0 - Wolfpack : 3.
18:22 of 1st period - Mathew Barzal wins face-off versus Casey Mittelstadt in neutral zone.
18:27 of 1st period - Wrist shot by Iven Barbashev.
18:27 of 1st period - Shot Misses the Net.
18:37 of 1st period - Wrist shot by David Pope.
18:37 of 1st period - Shot Hit the Post.
18:52 of 1st period - Adam Brooks is hit by Samuel Blais and loses puck.
19:13 of 1st period - Snap shot by Philipp Kurashev.
19:13 of 1st period - Shot Misses the Net.
19:27 of 1st period - Brett Kulak is hit by Casey Mittelstadt and loses puck.
19:34 of 1st period - Wrist shot by Stefan Noesen.
19:34 of 1st period - Shot Misses the Net.
19:52 of 1st period - Snap shot by Dryden Hunt.
19:52 of 1st period - Shot Misses the Net.
19:54 of 1st period - Slapshot by Dryden Hunt.
19:54 of 1st period - Stopped by Jeremy Swayman with a rebound.
19:56 of 1st period - Wrist shot by Jake Marchment.
19:56 of 1st period - Stopped by Jeremy Swayman with a rebound.
19:58 of 1st period - Snap shot by Jake Marchment.
19:58 of 1st period - Stopped by Jeremy Swayman with a rebound.
Goals for this period are 0 for Penguins vs 3 for Wolfpack.
Shots for this period are 4 for Penguins vs 15 for Wolfpack.

2nd period


0:01 of 2nd period - Casey Mittelstadt wins face-off versus Pierre-Luc Dubois in neutral zone.
0:33 of 2nd period - Snap shot by Gavin Bayreuther.
0:33 of 2nd period - Shot Blocked by Sebastian Collberg.
0:35 of 2nd period - Wrist shot by Max Gortz.
0:35 of 2nd period - Goal by Max Gortz - Penguins : 1 - Wolfpack : 3.
0:36 of 2nd period - Pierre-Luc Dubois wins face-off versus Casey Mittelstadt in neutral zone.
0:39 of 2nd period - Slapshot by Gavin Bayreuther.
0:39 of 2nd period - Stopped by Eric Comrie with a rebound.
0:41 of 2nd period - Wrist shot by Iven Barbashev.
0:41 of 2nd period - Stopped by Eric Comrie with a rebound.
0:43 of 2nd period - Snap shot by Pierre-Luc Dubois.
0:43 of 2nd period - Stopped by Eric Comrie with a rebound.
0:45 of 2nd period - Snap shot by Iven Barbashev.
0:45 of 2nd period - Shot Hit the Post.
0:47 of 2nd period - Snap shot by Iven Barbashev.
0:47 of 2nd period - Shot Blocked by Derrick Pouliot.
0:49 of 2nd period - Slapshot by Mathew Barzal.
0:49 of 2nd period - Stopped by Eric Comrie without a rebound.
0:50 of 2nd period - Pierre-Luc Dubois wins face-off versus Casey Mittelstadt in Wolfpack zone.
1:11 of 2nd period - Minor Penalty to Casey Mittelstadt for Unsportsmanlike conduct.
1:12 of 2nd period - Pierre-Luc Dubois wins face-off versus Stefan Noesen in Wolfpack zone.
1:15 of 2nd period - Wrist shot by Iven Barbashev.
1:15 of 2nd period - Stopped by Eric Comrie without a rebound.
1:16 of 2nd period - Stefan Noesen wins face-off versus Pierre-Luc Dubois in Wolfpack zone.
1:29 of 2nd period - Snap shot by Iven Barbashev.
1:29 of 2nd period - Stopped by Eric Comrie without a rebound.
1:30 of 2nd period - Stefan Noesen wins face-off versus Pierre-Luc Dubois in Wolfpack zone.
2:01 of 2nd period - Wrist shot by Max Gortz.
2:01 of 2nd period - Stopped by Eric Comrie with a rebound.
2:03 of 2nd period - Slapshot by John Marino.
2:03 of 2nd period - Shot Misses the Net.
2:05 of 2nd period - Slapshot by Max Gortz.
2:05 of 2nd period - Shot Blocked by Derrick Pouliot.
3:11 of 2nd period - Penalty to Casey Mittelstadt is over, Casey Mittelstadt is back on ice.
3:22 of 2nd period - Snap shot by Connor Chatam.
3:22 of 2nd period - Shot Blocked by Jesper Boqvist.
3:35 of 2nd period - Off-side.
3:36 of 2nd period - Jake Marchment wins face-off versus Philipp Kurashev in neutral zone.
3:58 of 2nd period - Snap shot by Sebastian Collberg.
3:58 of 2nd period - Shot Blocked by Mathew Barzal.
4:00 of 2nd period - Wrist shot by Nolan Patrick.
4:00 of 2nd period - Shot Misses the Net.
4:02 of 2nd period - Wrist shot by Nolan Patrick.
4:02 of 2nd period - Stopped by Jeremy Swayman without a rebound.
4:03 of 2nd period - Pierre-Luc Dubois wins face-off versus Casey Mittelstadt in Penguins zone.
4:03 of 2nd period - Pierre-Luc Dubois is hit by Stefan Noesen.
4:15 of 2nd period - Slapshot by Iven Barbashev.
4:15 of 2nd period - Shot Blocked by Ryan Culkin.
4:17 of 2nd period - Snap shot by Mathew Barzal.
4:17 of 2nd period - Shot Misses the Net.
4:19 of 2nd period - Slapshot by Matthew Finn.
4:19 of 2nd period - Shot Misses the Net.
4:21 of 2nd period - Slapshot by Iven Barbashev.
4:21 of 2nd period - Stopped by Eric Comrie without a rebound.
4:22 of 2nd period - Samuel Blais wins face-off versus Adam Brooks in Wolfpack zone.
4:33 of 2nd period - Snap shot by Adam Brooks.
4:33 of 2nd period - Shot Blocked by Sebastian Collberg.
4:54 of 2nd period - Philipp Kurashev is hit by Nolan Patrick.
5:10 of 2nd period - John Marino is hit by Casey Mittelstadt and loses puck.
5:19 of 2nd period - Snap shot by Mathew Barzal.
5:19 of 2nd period - Shot Blocked by Colton White.
5:33 of 2nd period - Snap shot by Alexander Barabanov.
5:33 of 2nd period - Deflect By Alex Barre-Boulet.
5:33 of 2nd period - Shot Misses the Net.
5:33 of 2nd period - Puck is out of play.
5:34 of 2nd period - Adam Brooks wins face-off versus Alex Barre-Boulet in Penguins zone.
5:42 of 2nd period - Minor Penalty to Dakota Mermis for Holding.
5:43 of 2nd period - Adam Brooks wins face-off versus Casey Mittelstadt in Penguins zone.
5:47 of 2nd period - Snap shot by Casey Mittelstadt.
5:47 of 2nd period - Stopped by Jeremy Swayman with a rebound.
5:49 of 2nd period - Slapshot by Steven Santini.
5:49 of 2nd period - Stopped by Jeremy Swayman with a rebound.
7:42 of 2nd period - Penalty to Dakota Mermis is over, Dakota Mermis is back on ice.
7:59 of 2nd period - Wrist shot by Connor Chatam.
7:59 of 2nd period - Stopped by Jeremy Swayman without a rebound.
8:00 of 2nd period - Alex Barre-Boulet wins face-off versus Ryan MacInnis in Penguins zone.
8:25 of 2nd period - Colton White is hit by Noah Dobson and loses puck.
8:46 of 2nd period - Cale Fleury is hit by Pierre-Luc Dubois and loses puck.
9:01 of 2nd period - Snap shot by Casey Mittelstadt.
9:01 of 2nd period - Shot Blocked by Max Gortz.
9:07 of 2nd period - Dakota Mermis is hit by Connor Chatam and loses puck.
9:35 of 2nd period - Nolan Patrick is hit by Matthew Finn and loses puck.
10:41 of 2nd period - Minor Penalty to Dakota Mermis for Interference.
10:42 of 2nd period - Adam Brooks wins face-off versus Casey Mittelstadt in Penguins zone.
10:57 of 2nd period - Wrist shot by Stefan Noesen.
10:57 of 2nd period - Stopped by Jeremy Swayman without a rebound.
10:58 of 2nd period - Adam Brooks wins face-off versus Casey Mittelstadt in Penguins zone.
11:45 of 2nd period - Icing by Ryan Culkin.
11:46 of 2nd period - Nolan Patrick wins face-off versus Adam Brooks in Wolfpack zone.
11:55 of 2nd period - Wrist shot by Nolan Patrick.
11:55 of 2nd period - Stopped by Jeremy Swayman with a rebound.
12:09 of 2nd period - Steven Santini is hit by Philipp Kurashev and loses puck.
12:41 of 2nd period - Penalty to Dakota Mermis is over, Dakota Mermis is back on ice.
12:57 of 2nd period - Off-side.
12:58 of 2nd period - Ryan MacInnis wins face-off versus Casey Mittelstadt in neutral zone.
13:01 of 2nd period - Steven Santini is hit by John Marino and loses puck.
13:24 of 2nd period - Casey Mittelstadt is hit by Dakota Mermis.
13:28 of 2nd period - Dakota Mermis is hit by Casey Mittelstadt and loses puck.
14:23 of 2nd period - Icing by Alexander Barabanov.
14:24 of 2nd period - Alex Barre-Boulet wins face-off versus Ryan MacInnis in Wolfpack zone.
14:58 of 2nd period - Icing by Steven Santini.
14:59 of 2nd period - Adam Brooks wins face-off versus Dryden Hunt in Wolfpack zone.
14:59 of 2nd period - Adam Brooks is hit by Steven Santini.
15:52 of 2nd period - Snap shot by Ryan MacInnis.
15:52 of 2nd period - Stopped by Eric Comrie with a rebound.
16:08 of 2nd period - Slapshot by Gavin Bayreuther.
16:08 of 2nd period - Deflect By Alex Barre-Boulet.
16:08 of 2nd period - Stopped by Eric Comrie with a rebound.
16:10 of 2nd period - Wrist shot by Philipp Kurashev.
16:10 of 2nd period - Shot Misses the Net.
16:12 of 2nd period - Slapshot by Brett Kulak.
16:12 of 2nd period - Stopped by Eric Comrie with a rebound.
16:14 of 2nd period - Slapshot by Gavin Bayreuther.
16:14 of 2nd period - Deflect By Philipp Kurashev.
16:14 of 2nd period - Goal by Philipp Kurashev - Penguins : 2 - Wolfpack : 3.
16:15 of 2nd period - Casey Mittelstadt wins face-off versus Pierre-Luc Dubois in neutral zone.
16:18 of 2nd period - Snap shot by David Pope.
16:18 of 2nd period - Shot Blocked by Dakota Mermis.
17:05 of 2nd period - Colton White is hit by Jeff Malott and loses puck.
17:30 of 2nd period - Matthew Finn is hit by Jake Marchment and loses puck.
17:48 of 2nd period - Slapshot by Ryan Culkin.
17:48 of 2nd period - Stopped by Jeremy Swayman with a rebound.
17:50 of 2nd period - Slapshot by Colton White.
17:50 of 2nd period - Stopped by Jeremy Swayman with a rebound.
17:57 of 2nd period - Icing by Noah Dobson.
17:58 of 2nd period - Adam Brooks wins face-off versus Nolan Patrick in Penguins zone.
18:07 of 2nd period - Snap shot by Max Gortz.
18:07 of 2nd period - Shot Blocked by Nolan Patrick.
18:09 of 2nd period - Snap shot by Adam Brooks.
18:09 of 2nd period - Shot Blocked by Derrick Pouliot.
18:11 of 2nd period - Snap shot by Eetu Luostarinen.
18:11 of 2nd period - Goal by Eetu Luostarinen - Penguins : 3 - Wolfpack : 3.
18:12 of 2nd period - Stefan Noesen wins face-off versus Pierre-Luc Dubois in neutral zone.
18:14 of 2nd period - Minor Penalty to David Pope for Holding Stick.
18:15 of 2nd period - Stefan Noesen wins face-off versus Pierre-Luc Dubois in Wolfpack zone.
18:48 of 2nd period - Off-side.
18:49 of 2nd period - Stefan Noesen wins face-off versus Philipp Kurashev in neutral zone.
Goals for this period are 3 for Penguins vs 0 for Wolfpack.
Shots for this period are 14 for Penguins vs 8 for Wolfpack.

3rd period


0:01 of 3rd period - Stefan Noesen wins face-off versus Pierre-Luc Dubois in neutral zone.
0:12 of 3rd period - Wrist shot by Brett Kulak.
0:12 of 3rd period - Deflect By Derrick Pouliot.
0:12 of 3rd period - Stopped by Eric Comrie with a rebound.
0:14 of 3rd period - Penalty to David Pope is over, David Pope is back on ice.
0:14 of 3rd period - Slapshot by Gavin Bayreuther.
0:14 of 3rd period - Shot Blocked by Dryden Hunt.
0:16 of 3rd period - Wrist shot by Pierre-Luc Dubois.
0:16 of 3rd period - Deflect By Mathew Barzal.
0:16 of 3rd period - Stopped by Eric Comrie without a rebound.
0:17 of 3rd period - Adam Brooks wins face-off versus Casey Mittelstadt in Wolfpack zone.
0:51 of 3rd period - Backhand shot by Samuel Blais.
0:51 of 3rd period - Shot Misses the Net.
1:07 of 3rd period - Connor Chatam is hit by Sam Kurker and loses puck.
1:34 of 3rd period - Wrist shot by Ryan MacInnis.
1:34 of 3rd period - Shot Misses the Net.
1:36 of 3rd period - Snap shot by Sampo Ranta.
1:36 of 3rd period - Stopped by Eric Comrie with a rebound.
1:46 of 3rd period - Colton White is hit by Iven Barbashev and loses puck.
1:55 of 3rd period - Snap shot by Mathew Barzal.
1:55 of 3rd period - Stopped by Eric Comrie with a rebound.
2:13 of 3rd period - Snap shot by John Marino.
2:13 of 3rd period - Stopped by Eric Comrie without a rebound.
2:14 of 3rd period - Nolan Patrick wins face-off versus Pierre-Luc Dubois in Wolfpack zone.
2:36 of 3rd period - Icing by Iven Barbashev.
2:37 of 3rd period - Casey Mittelstadt wins face-off versus Pierre-Luc Dubois in Penguins zone.
2:38 of 3rd period - Wrist shot by David Pope.
2:38 of 3rd period - Deflect By Casey Mittelstadt.
2:38 of 3rd period - Stopped by Jeremy Swayman with a rebound.
2:44 of 3rd period - David Pope is hit by Mathew Barzal and loses puck.
2:53 of 3rd period - Slapshot by Iven Barbashev.
2:53 of 3rd period - Shot Blocked by K'Andre Miller.
2:55 of 3rd period - Snap shot by Iven Barbashev.
2:55 of 3rd period - Deflect By Mathew Barzal.
2:55 of 3rd period - Shot Misses the Net.
2:55 of 3rd period - Puck is out of play.
2:56 of 3rd period - Adam Brooks wins face-off versus Nolan Patrick in Wolfpack zone.
2:56 of 3rd period - Adam Brooks is hit by Derrick Pouliot.
3:52 of 3rd period - Slapshot by Mathew Barzal.
3:52 of 3rd period - Shot Misses the Net.
4:14 of 3rd period - Snap shot by Ryan MacInnis.
4:14 of 3rd period - Stopped by Eric Comrie with a rebound.
4:32 of 3rd period - Jeff Malott is hit by Cale Fleury and loses puck.
5:17 of 3rd period - Slapshot by Gavin Bayreuther.
5:17 of 3rd period - Shot Blocked by Dryden Hunt.
5:35 of 3rd period - Wrist shot by Sebastian Collberg.
5:35 of 3rd period - Stopped by Jeremy Swayman without a rebound.
5:36 of 3rd period - Philipp Kurashev wins face-off versus Nolan Patrick in Penguins zone.
5:47 of 3rd period - Philipp Kurashev is hit by Sebastian Collberg and loses puck.
5:54 of 3rd period - Nolan Patrick is hit by Philipp Kurashev and loses puck.
6:17 of 3rd period - Wrist shot by Sebastian Collberg.
6:17 of 3rd period - Shot Blocked by Gavin Bayreuther.
6:19 of 3rd period - Slapshot by Sebastian Collberg.
6:19 of 3rd period - Stopped by Jeremy Swayman without a rebound.
6:20 of 3rd period - Pierre-Luc Dubois wins face-off versus Casey Mittelstadt in Penguins zone.
6:23 of 3rd period - Slapshot by Casey Mittelstadt.
6:23 of 3rd period - Stopped by Jeremy Swayman without a rebound.
6:24 of 3rd period - Pierre-Luc Dubois wins face-off versus Casey Mittelstadt in Penguins zone.
6:51 of 3rd period - Snap shot by Colton White.
6:51 of 3rd period - Shot Blocked by Max Gortz.
7:13 of 3rd period - Snap shot by Dryden Hunt.
7:13 of 3rd period - Stopped by Jeremy Swayman without a rebound.
7:14 of 3rd period - Pierre-Luc Dubois wins face-off versus Jake Marchment in Penguins zone.
7:14 of 3rd period - Pierre-Luc Dubois is hit by Dryden Hunt.
7:30 of 3rd period - Wrist shot by Mathew Barzal.
7:30 of 3rd period - Stopped by Eric Comrie without a rebound.
7:31 of 3rd period - Adam Brooks wins face-off versus Casey Mittelstadt in Wolfpack zone.
7:39 of 3rd period - Minor Penalty to Steven Santini for Hooking.
7:40 of 3rd period - Stefan Noesen wins face-off versus Pierre-Luc Dubois in Wolfpack zone.
7:54 of 3rd period - Wrist shot by Stefan Noesen.
7:54 of 3rd period - Stopped by Jeremy Swayman with a rebound.
8:10 of 3rd period - Wrist shot by Philipp Kurashev.
8:10 of 3rd period - Goal by Philipp Kurashev - Penguins : 4 - Wolfpack : 3.
8:11 of 3rd period - Casey Mittelstadt wins face-off versus Iven Barbashev in neutral zone.
8:14 of 3rd period - Wrist shot by Stefan Noesen.
8:14 of 3rd period - Deflect By David Pope.
8:14 of 3rd period - Goal by David Pope - Penguins : 4 - Wolfpack : 4.
8:15 of 3rd period - Casey Mittelstadt wins face-off versus Pierre-Luc Dubois in neutral zone.
9:05 of 3rd period - Wrist shot by Brett Kulak.
9:05 of 3rd period - Shot Blocked by Connor Chatam.
9:07 of 3rd period - Slapshot by Philipp Kurashev.
9:07 of 3rd period - Shot Blocked by Ryan Culkin.
9:09 of 3rd period - Slapshot by Brett Kulak.
9:09 of 3rd period - Stopped by Eric Comrie without a rebound.
9:10 of 3rd period - Pierre-Luc Dubois wins face-off versus Casey Mittelstadt in Wolfpack zone.
9:37 of 3rd period - Backhand shot by Samuel Blais.
9:37 of 3rd period - Stopped by Jeremy Swayman without a rebound.
9:38 of 3rd period - Nolan Patrick wins face-off versus Adam Brooks in Penguins zone.
10:20 of 3rd period - Icing by Casey Mittelstadt.
10:21 of 3rd period - Philipp Kurashev wins face-off versus Alex Barre-Boulet in Wolfpack zone.
10:22 of 3rd period - Slapshot by Gavin Bayreuther.
10:22 of 3rd period - Stopped by Eric Comrie with a rebound.
10:36 of 3rd period - Slapshot by Alexander Barabanov.
10:36 of 3rd period - Shot Blocked by Philipp Kurashev.
10:50 of 3rd period - Snap shot by Samuel Blais.
10:50 of 3rd period - Goal by Samuel Blais - Penguins : 4 - Wolfpack : 5.
10:51 of 3rd period - Mathew Barzal wins face-off versus Casey Mittelstadt in neutral zone.
11:16 of 3rd period - Snap shot by Philipp Kurashev.
11:16 of 3rd period - Shot Blocked by Stefan Noesen.
11:26 of 3rd period - Backhand shot by Casey Mittelstadt.
11:26 of 3rd period - Shot Blocked by Dakota Mermis.
11:28 of 3rd period - Snap shot by Stefan Noesen.
11:28 of 3rd period - Stopped by Jeremy Swayman with a rebound.
11:30 of 3rd period - Slapshot by Steven Santini.
11:30 of 3rd period - Stopped by Jeremy Swayman with a rebound.
11:40 of 3rd period - Backhand shot by Stefan Noesen.
11:40 of 3rd period - Shot Misses the Net.
11:42 of 3rd period - Snap shot by Casey Mittelstadt.
11:42 of 3rd period - Stopped by Jeremy Swayman without a rebound.
11:43 of 3rd period - Samuel Blais wins face-off versus Iven Barbashev in Penguins zone.
11:56 of 3rd period - Wrist shot by Samuel Blais.
11:56 of 3rd period - Stopped by Jeremy Swayman without a rebound.
11:57 of 3rd period - Nolan Patrick wins face-off versus Adam Brooks in Penguins zone.
12:18 of 3rd period - Minor Penalty to Adam Brooks for Elbowing.
12:19 of 3rd period - Max Gortz wins face-off versus Stefan Noesen in Penguins zone.
12:19 of 3rd period - Max Gortz is hit by David Pope.
13:18 of 3rd period - Dakota Mermis is hit by Colton White and loses puck.
14:18 of 3rd period - Penalty to Adam Brooks is over, Adam Brooks is back on ice.
14:46 of 3rd period - Snap shot by Jake Marchment.
14:46 of 3rd period - Stopped by Jeremy Swayman with a rebound.
14:48 of 3rd period - Slapshot by Colton White.
14:48 of 3rd period - Stopped by Jeremy Swayman without a rebound.
14:49 of 3rd period - Jake Marchment wins face-off versus Pierre-Luc Dubois in Penguins zone.
15:16 of 3rd period - K'Andre Miller is hit by John Marino and loses puck.
15:23 of 3rd period - Slapshot by Cale Fleury.
15:23 of 3rd period - Shot Blocked by Dakota Mermis.
15:38 of 3rd period - Off-side.
15:39 of 3rd period - Adam Brooks wins face-off versus Casey Mittelstadt in neutral zone.
15:52 of 3rd period - Slapshot by Max Gortz.
15:52 of 3rd period - Stopped by Eric Comrie with a rebound.
16:04 of 3rd period - Gavin Bayreuther is hit by Steven Santini and loses puck.
16:12 of 3rd period - Minor Penalty to Ryan Culkin for Hooking.
16:13 of 3rd period - Stefan Noesen wins face-off versus Pierre-Luc Dubois in Wolfpack zone.
16:13 of 3rd period - Stefan Noesen is hit by Iven Barbashev.
17:38 of 3rd period - Eetu Luostarinen is hit by Sebastian Collberg and loses puck.
18:12 of 3rd period - Penalty to Ryan Culkin is over, Ryan Culkin is back on ice.
18:30 of 3rd period - Jesper Boqvist is hit by K'Andre Miller and loses puck.
18:56 of 3rd period - Pierre-Luc Dubois is hit by Ryan Culkin and loses puck.
19:05 of 3rd period - Snap shot by Connor Chatam.
19:05 of 3rd period - Shot Blocked by Matthew Finn.
19:07 of 3rd period - Snap shot by Connor Chatam.
19:07 of 3rd period - Shot Blocked by Matthew Finn.
19:09 of 3rd period - Slapshot by Casey Mittelstadt.
19:09 of 3rd period - Shot Blocked by John Marino.
19:11 of 3rd period - Wrist shot by Steven Santini.
19:11 of 3rd period - Deflect By Casey Mittelstadt.
19:11 of 3rd period - Shot Misses the Net.
19:11 of 3rd period - Puck is out of play.
19:12 of 3rd period - Alex Kovalev call a timeout for Penguins.
19:12 of 3rd period - Casey Mittelstadt wins face-off versus Pierre-Luc Dubois in Penguins zone.
19:13 of 3rd period - Snap shot by Connor Chatam.
19:13 of 3rd period - Shot Blocked by Pierre-Luc Dubois.
19:15 of 3rd period - Wrist shot by Alexander Barabanov.
19:15 of 3rd period - Stopped by Jeremy Swayman without a rebound.
19:16 of 3rd period - Casey Mittelstadt wins face-off versus Pierre-Luc Dubois in Penguins zone.
19:25 of 3rd period - Snap shot by Connor Chatam.
19:25 of 3rd period - Stopped by Jeremy Swayman without a rebound.
19:26 of 3rd period - Casey Mittelstadt wins face-off versus Pierre-Luc Dubois in Penguins zone.
19:39 of 3rd period - Snap shot by Connor Chatam.
19:39 of 3rd period - Shot Misses the Net.
19:41 of 3rd period - Snap shot by Steven Santini.
19:41 of 3rd period - Shot Misses the Net.
19:43 of 3rd period - Wrist shot by K'Andre Miller.
19:43 of 3rd period - Stopped by Jeremy Swayman with a rebound.
19:49 of 3rd period - Backhand shot by Connor Chatam.
19:49 of 3rd period - Stopped by Jeremy Swayman without a rebound.
19:50 of 3rd period - Pierre-Luc Dubois wins face-off versus Casey Mittelstadt in Penguins zone.
19:59 of 3rd period - Snap shot by Steven Santini.
19:59 of 3rd period - Stopped by Jeremy Swayman without a rebound.
Goals for this period are 1 for Penguins vs 2 for Wolfpack.
Shots for this period are 11 for Penguins vs 20 for Wolfpack.